MWL (24 & UNDER)
ERIE JAXX @ GRIM REAPERS
04/22/2030
 
TOP OF THE 1ST
Erie Jaxx batting - Pitching for Grim Reapers : RHP Elijah Justice
Pitching: RHP Elijah Justice
Batting: RHB Ramón Maldonado 0-0: Called Strike
0-1: Ball
1-1: Ball
2-1: Ground out 1-3 (Groundball, 13S)
Batting: RHB James Richardson 0-0: Ball
1-0: Ball
2-0: DOUBLE (Line Drive, 7LM)
Batting: LHB Gabriel Flores 0-0: Ball
1-0: Ball
2-0: Called Strike
2-1: Swinging Strike
2-2: Ball
3-2: Foul Ball, location: 2F
3-2: Fly out, F7 (Flyball, 78S)
Batting: RHB Miguel Sánchez 0-0: Swinging Strike
0-1: Fly out, F9 (Flyball, 89S)
Top of the 1st over - 0 runs, 1 hit, 0 errors, 1 left on base; Erie 0 - Grim 0
BOTTOM OF THE 1ST
Grim Reapers batting - Pitching for Erie Jaxx : RHP Iván Romero
Pitching: RHP Iván Romero
Batting: RHB Arturo Franco 0-0: Called Strike
0-1: Ball
1-1: Ball
2-1: Ball
3-1: Foul Ball, location: 2F
3-2: Ground out 5-3 (Groundball, 56)
Batting: RHB Fred Wagner 0-0: Ball
1-0: SINGLE (Line Drive, 6MD)
Batting: RHB Phil Martin 0-0: Fly out, F9 (Flyball, 89D)
Batting: LHB Jesús Rojas 0-0: Called Strike
0-1: Ball
1-1: Fly out, F9 (Flyball, 89D)
Bottom of the 1st over - 0 runs, 1 hit, 0 errors, 1 left on base; Erie 0 - Grim 0
TOP OF THE 2ND
Erie Jaxx batting - Pitching for Grim Reapers : RHP Elijah Justice
Batting: RHB Shane Marshall 0-0: Foul Ball, location: 2F
0-1: Swinging Strike
0-2: Ball
1-2: Ball
2-2: Foul Ball, location: 2F
2-2: Strikes out swinging
Batting: RHB Danny Morrison 0-0: Foul Ball, location: 2F
0-1: Foul Ball, location: 2F
0-2: Strikes out looking
Batting: LHB Mark Sanders 0-0: Ball
1-0: Ball
2-0: Called Strike
2-1: Foul Ball, location: 2F
2-2: Foul Ball, location: 2F
2-2: Strikes out swinging
Top of the 2nd over - 0 runs, 0 hits, 0 errors, 0 left on base; Erie 0 - Grim 0
BOTTOM OF THE 2ND
Grim Reapers batting - Pitching for Erie Jaxx : RHP Iván Romero
Batting: RHB Joel Hebert 0-0: Called Strike
0-1: Ball
1-1: Ball
2-1: Ball
3-1: Base on Balls
Batting: SHB Luis Sotelo 0-0: Called Strike
0-1: Ball
1-1: SINGLE (Flyball, 89S)
Joel Hebert to second
Runner from 2nd tries for 3rd, SAFE, no throw
Batting: SHB Frank Grant 0-0: Called Strike
0-1: Ground out 6-3 (Groundball, 6S)
Joel Hebert scores
Luis Sotelo to second
Batting: LHB Todd Emery 0-0: Called Strike
0-1: Ball
Luis Sotelo is caught stealing 3rd base
1-1: SINGLE (Groundball, 4MD)
Batting: RHB Luis Samaripa 0-0: Ball
1-0: Reached on error, E4 (Groundball, 4)
Todd Emery to third
Batting: RHB Arturo Franco 0-0: SINGLE (Groundball, 56D)
Todd Emery scores
Luis Samaripa to third
Runner from 3rd tries for Home, throw and OUT!
Bottom of the 2nd over - 2 runs, 3 hits, 1 error, 1 left on base; Erie 0 - Grim 2
TOP OF THE 3RD
Erie Jaxx batting - Pitching for Grim Reapers : RHP Elijah Justice
Batting: LHB Matt Moore 0-0: Foul Ball, location: 2F
0-1: Foul Ball, location: 2F
0-2: Strikes out swinging
Batting: RHB Juan González 0-0: Ball
1-0: SINGLE (Line Drive, 8RS)
Batting: RHB Ramón Maldonado 0-0: Ball
1-0: Ball
2-0: Ground out 3-1 (Groundball, 34S)
Juan González to second
Batting: RHB James Richardson 0-0: Called Strike
0-1: Ball
1-1: Ball
2-1: Foul Ball, location: 2F
2-2: Strikes out swinging
Top of the 3rd over - 0 runs, 1 hit, 0 errors, 1 left on base; Erie 0 - Grim 2
BOTTOM OF THE 3RD
Grim Reapers batting - Pitching for Erie Jaxx : RHP Iván Romero
Batting: RHB Fred Wagner 0-0: Ball
1-0: Called Strike
1-1: Ground out 4-3 (Groundball, 4D)
Batting: RHB Phil Martin 0-0: Ball
1-0: Called Strike
1-1: Swinging Strike
1-2: Strikes out looking
Batting: LHB Jesús Rojas 0-0: Ball
1-0: Swinging Strike
1-1: Foul Ball, location: 2F
1-2: Ground out 3-1 (Groundball, 34)
Bottom of the 3rd over - 0 runs, 0 hits, 0 errors, 0 left on base; Erie 0 - Grim 2
TOP OF THE 4TH
Erie Jaxx batting - Pitching for Grim Reapers : RHP Elijah Justice
Batting: LHB Gabriel Flores 0-0: Ball
1-0: Ball
2-0: Ball
3-0: Base on Balls
Batting: RHB Miguel Sánchez 0-0: Ball
Gabriel Flores is caught stealing 2nd base
1-0: Ball
2-0: Fly out, F9 (Flyball, 9S)
Batting: RHB Shane Marshall 0-0: Called Strike
0-1: Called Strike
0-2: Ball
1-2: Foul Ball, location: 2F
1-2: Ball
2-2: Foul Ball, location: 2F
2-2: Strikes out swinging
Top of the 4th over - 0 runs, 0 hits, 0 errors, 0 left on base; Erie 0 - Grim 2
BOTTOM OF THE 4TH
Grim Reapers batting - Pitching for Erie Jaxx : RHP Iván Romero
Batting: RHB Joel Hebert 0-0: Foul Ball, location: 2F
0-1: Called Strike
0-2: Ground out 6-3 (Groundball, 6)
Batting: SHB Luis Sotelo 0-0: Ball
1-0: Ball
2-0: Ball
3-0: Base on Balls
Batting: SHB Frank Grant 0-0: Ball
Luis Sotelo is caught stealing 2nd base
1-0: Ground out 6-3 (Groundball, 6)
Bottom of the 4th over - 0 runs, 0 hits, 0 errors, 0 left on base; Erie 0 - Grim 2
TOP OF THE 5TH
Erie Jaxx batting - Pitching for Grim Reapers : RHP Elijah Justice
Batting: RHB Danny Morrison 0-0: Ball
1-0: Ball
2-0: Ball
3-0: Called Strike
3-1: Called Strike
3-2: Strikes out swinging
Batting: LHB Mark Sanders 0-0: Ground out U3 (Groundball, 3)
Batting: LHB Matt Moore 0-0: Ball
1-0: Ball
2-0: Called Strike
2-1: Fly out, F9 (Flyball, 9)
Top of the 5th over - 0 runs, 0 hits, 0 errors, 0 left on base; Erie 0 - Grim 2
BOTTOM OF THE 5TH
Grim Reapers batting - Pitching for Erie Jaxx : RHP Iván Romero
Batting: LHB Todd Emery 0-0: Ground out U3 (Groundball, 34)
Batting: RHB Luis Samaripa 0-0: Ball
1-0: Called Strike
1-1: Ground out 6-3 (Groundball, 6)
Batting: RHB Arturo Franco 0-0: SINGLE (Flyball, 8RS)
Batting: RHB Fred Wagner 0-0: Ball
1-0: Ball
2-0: Foul Ball, location: 2F
2-1: Called Strike
2-2: Fielders Choice at 2nd, 6-4 (Groundball, 6)
Bottom of the 5th over - 0 runs, 1 hit, 0 errors, 1 left on base; Erie 0 - Grim 2
TOP OF THE 6TH
Erie Jaxx batting - Pitching for Grim Reapers : RHP Elijah Justice
Batting: RHB Juan González 0-0: Foul Ball, location: 2F
0-1: Ball
1-1: Ball
2-1: Ground out 5-3 (Groundball, 56)
Batting: RHB Ramón Maldonado 0-0: Ball
1-0: SINGLE (Line Drive, 89S)
Batting: RHB James Richardson 0-0: Ball
Ramón Maldonado is caught stealing 2nd base
1-0: Ball
2-0: Foul Ball, location: 2F
2-1: Foul Ball, location: 2F
2-2: Strikes out swinging
Top of the 6th over - 0 runs, 1 hit, 0 errors, 0 left on base; Erie 0 - Grim 2
BOTTOM OF THE 6TH
Grim Reapers batting - Pitching for Erie Jaxx : RHP Iván Romero
Batting: RHB Phil Martin 0-0: Foul Ball, location: 2F
0-1: Called Strike
0-2: Ball
1-2: Strikes out swinging
Batting: LHB Jesús Rojas 0-0: Called Strike
0-1: Ball
1-1: Fly out, F7 (Flyball, 78M)
Batting: RHB Joel Hebert 0-0: Called Strike
0-1: Ball
1-1: Foul Ball, location: 2F
1-2: Ball
2-2: Strikes out swinging
Bottom of the 6th over - 0 runs, 0 hits, 0 errors, 0 left on base; Erie 0 - Grim 2
TOP OF THE 7TH
Erie Jaxx batting - Pitching for Grim Reapers : RHP Elijah Justice
Batting: LHB Gabriel Flores 0-0: Ground out 4-3 (Groundball, 4S)
Batting: RHB Miguel Sánchez 0-0: Called Strike
0-1: Ball
1-1: Ball
2-1: SINGLE (Groundball, 15S) (infield hit)
Batting: RHB Shane Marshall 0-0: Ball
Pickoff Throw to First - Out!
1-0: Foul Ball, location: 2F
1-1: Foul Ball, location: 2F
1-2: Ball
2-2: Foul Ball, location: 2F
2-2: Foul Ball, location: 2F
2-2: Foul Ball, location: 2F
2-2: Strikes out swinging
Top of the 7th over - 0 runs, 1 hit, 0 errors, 0 left on base; Erie 0 - Grim 2
BOTTOM OF THE 7TH
Grim Reapers batting - Pitching for Erie Jaxx : RHP Iván Romero
Batting: SHB Luis Sotelo 0-0: Called Strike
0-1: Fly out, F7 (Flyball, 7)
Batting: SHB Frank Grant 0-0: Ball
1-0: SINGLE (Groundball, 34D)
Batting: LHB Todd Emery 0-0: Fly out, F5 (Popup, 5SF)
Batting: RHB Luis Samaripa 0-0: Ball
Frank Grant steals 2nd base
1-0: Swinging Strike
1-1: Ball
2-1: Foul Ball, location: 2F
2-2: SINGLE (Groundball, 56D)
Frank Grant to third
Runner from 3rd tries for Home, SAFE, throw made home
Batting: RHB Arturo Franco 0-0: Ball
1-0: Called Strike
1-1: Ball
2-1: Ball
3-1: Swinging Strike
3-2: DOUBLE (Line Drive, 7LM)
Luis Samaripa to third
Luis Samaripa scores
Batting: RHB Fred Wagner 0-0: Fly out, F7 (Flyball, 78M)
Bottom of the 7th over - 2 runs, 3 hits, 0 errors, 1 left on base; Erie 0 - Grim 4
TOP OF THE 8TH
Erie Jaxx batting - Pitching for Grim Reapers : RHP Elijah Justice
Batting: RHB Danny Morrison 0-0: Ball
1-0: Ball
2-0: Foul Ball, location: 2F
2-1: Foul Ball, location: 2F
2-2: Hit by Pitch
Batting: LHB Mark Sanders 0-0: Ball
1-0: Fly out, F9 (Flyball, 89M)
Batting: LHB Matt Moore 0-0: Called Strike
0-1: Grounds into double play, 6-4-3 (Groundball, 6)
Top of the 8th over - 0 runs, 0 hits, 0 errors, 0 left on base; Erie 0 - Grim 4
BOTTOM OF THE 8TH
Grim Reapers batting - Pitching for Erie Jaxx : RHP Iván Romero
Pitching: RHP Robbie Hopps
Batting: RHB Phil Martin 0-0: Ball
1-0: Foul Ball, location: 2F
1-1: Ball
2-1: Foul Ball, location: 2F
2-2: SINGLE (Groundball, 3D)
Batting: LHB Jesús Rojas 0-0: Ball
1-0: Ball
2-0: SINGLE (Groundball, 4MD)
Phil Martin to second
Batting: RHB Joel Hebert 0-0: Ball
1-0: Grounds into double play, 4-6-3 (Groundball, 4D)
Phil Martin to third
Batting: SHB Luis Sotelo 0-0: Foul Ball, location: 2F
0-1: Hit by Pitch
Batting: SHB Frank Grant 0-0: Foul Ball, location: 2F
0-1: Foul Ball, location: 2F
0-2: Hit by Pitch
Luis Sotelo to second
Batting: LHB Todd Emery 0-0: Ball
1-0: Foul Ball, location: 2F
1-1: Called Strike
1-2: SINGLE (Groundball, 4MD)
Phil Martin scores
Luis Sotelo to third
Frank Grant to second
Runner from 3rd tries for Home, SAFE, no throw
Batting: RHB Luis Samaripa 0-0: Called Strike
0-1: Swinging Strike
0-2: Foul Ball, location: 2F
0-2: Foul Ball, location: 2F
0-2: Strikes out looking
Bottom of the 8th over - 2 runs, 3 hits, 0 errors, 2 left on base; Erie 0 - Grim 6
TOP OF THE 9TH
Erie Jaxx batting - Pitching for Grim Reapers : RHP Elijah Justice
Now at C: Sandro Hernández
Now at 1B: Marcos Fontanez
Now at 2B: Mario Barker
Now at 3B: José Castillo
Now in LF: Jesús Pérez
Batting: RHB Juan González 0-0: Called Strike
0-1: Foul Ball, location: 2F
0-2: Foul Ball, location: 2F
0-2: Foul Ball, location: 2F
0-2: Ball
1-2: Strikes out swinging
Batting: RHB Ramón Maldonado 0-0: Ball
1-0: Ball
2-0: Fly out, F1 (Line Drive, 13)
Batting: RHB James Richardson 0-0: Fly out, F9 (Flyball, 9)
Top of the 9th over - 0 runs, 0 hits, 0 errors, 0 left on base; Erie 0 - Grim 6
Saturday, April 7th, 2018 - OOTP Baseball 18.8 Build 76